 Dungeon Crawl Stone Soup version 0.30-a0-305-g026cb31310 (webtiles) character file.

Game seed: 2849328174704128882

2373 Lobster4 the Conjurer (level 9, -7/75 HPs)
             Began as a Red Draconian Conjurer on Oct 23, 2022.
             Was a Follower of Vehumet.
             Mangled by a white ugly thing (27 damage)
             ... on level 7 of the Dungeon.
             The game lasted 00:19:16 (6200 turns).

Lobster4 the Conjurer (Red Draconian Conjurer)      Turns: 6200, Time: 00:19:16

Health: -7/75      AC: 11    Str: 12    XL:     9   Next: 21%
Magic:  26/26      EV: 13    Int: 21    God:    Vehumet [*.....]
Gold:   70         SH:  0    Dex:  9    Spells: 16/19 levels left

rFire   + . .      SeeInvis .    a - +9 dire flail of Subjectivity {holy, +Blink}
rCold   . . .      Faith    .    (shield currently unavailable)
rNeg    + . .      Spirit   .    (body armour unavailable)
rPois   .          Reflect  .    (helmet restricted)
rElec   .          Harm     .    c - +1 cloak
rCorr   .          Rampage  .    j - +0 pair of gloves
Will    .....                    t - +0 pair of boots
Stlth   ++........               i - amulet of magic regeneration
HPRegen 0.32/turn                p - ring of magical power
MPRegen 0.60/turn                y - ring of positive energy

@: about to teleport, slowed, very slow
A: breathe fire, AC +7, unfitting armour, fire resistance 1, cold-blooded
a: Breathe Fire, Renounce Religion, Evoke Blink


You were on level 7 of the Dungeon.
You worshipped Vehumet.
Vehumet was aware of your devotion.
You visited 2 branches of the dungeon, and saw 8 of its levels.
You also visited: Ossuary.

You collected 382 gold pieces.
You spent 312 gold pieces at shops.

Inventory:

Hand Weapons
 a - the +9 dire flail of Subjectivity (weapon) {holy, +Blink}
   (You bought it in a shop on level 6 of the Dungeon)

   It has been blessed by the Shining One to cause great damage to the undead
   and demons.
   +Blink:    It lets you blink.
 b - a +0 sling
 r - a +0 mace
 A - a +0 hand axe of electrocution
 I - a +3 war axe
Missiles
 J - 2 poisoned darts
Armour
 c - a +1 cloak (worn)
 j - a +0 pair of gloves (worn)
 t - a +0 pair of boots (worn)
Jewellery
 i - an amulet of magic regeneration (around neck)
 p - a ring of magical power (left hand)
 y - a ring of positive energy (right hand)
Wands
 B - a wand of flame (21)
 F - a wand of digging (3)
Scrolls
 k - 2 scrolls of magic mapping
 l - 2 scrolls of identify
 m - a scroll of amnesia {unknown}
 n - a scroll of fog
 u - a scroll of vulnerability {unknown}
 w - a scroll of summoning {unknown}
 x - a scroll of fear {unknown}
 z - a scroll of immolation
 D - 2 scrolls of blinking {unknown}
 E - 2 scrolls of silence {unknown}
 G - a scroll of poison
 H - 6 scrolls of teleportation
Potions
 d - a potion of flight {unknown}
 e - 2 potions of attraction {unknown}
 f - 2 potions of brilliance {unknown}
 g - 2 potions of magic
 h - 2 potions of degeneration {unknown}
 o - 2 potions of curing {unknown}
 q - a potion of cancellation
 s - 2 potions of invisibility
 v - 2 potions of resistance
 C - a potion of haste


   Skills:
 + Level 6.3 Fighting
 - Level 2.0(2.3) Axes
 + Level 1.9(2.3) Maces & Flails
 - Level 5.0 Dodging
 - Level 2.0 Stealth
 + Level 5.7 Spellcasting
 + Level 7.1 Conjurations
 + Level 2.8 Evocations


You had 16 spell levels left.
You knew the following spells:

 Your Spells              Type           Power      Damage    Failure   Level
a - Magic Dart            Conj           100%       1d8       1%          1
b - Searing Ray           Conj           72%        2d7       1%          2

Your spell library contained the following spells:

 Spells                   Type           Power      Damage    Failure   Level
 Kiss of Death            Conj/Necr      84%        2d11      2%          1
 Dazzling Flash           Conj/Hex       42%        N/A       7%          3
 Stone Arrow              Conj/Erth      42%        3d9       7%          3
 Apportation              Tloc           12%        N/A       10%         1
 Beastly Appendage        Tmut           12%        N/A       10%         1
 Sandblast                Erth           12%        2d6       10%         1
 Ensorcelled Hibernation  Hex/Ice        12%        N/A       16%         2
 Passwall                 Tmut/Erth      5%         N/A       16%         2
 Wereblood                Tmut           6%         N/A       16%         2
 Fulminant Prism          Conj/Hex       10%        3d9       22%         4
 Iskenderun's Mystic Bla  Conj/Tloc      21%        2d6       22%         4
 Ignite Poison            Fire/Tmut/Pois 6%         N/A       30%         3
 Kindle Blastsparks       Fire/Tloc/Air  12%        2d11      30%         3
 Spider Form              Tmut/Pois      6%         N/A       30%         3
 Swiftness                Air            6%         N/A       30%         3
 Freezing Cloud           Conj/Ice/Air   8%         6-21      71%         5
 Alistair's Intoxication  Tmut/Pois      4%         N/A       95%         5
 Lee's Rapid Deconstruct  Erth           3%         3d5*      95%         5


Dungeon Overview and Level Annotations

Branches:
Dungeon (7/15)             Temple (1/1) D:6         Ossuary (visited)

Altars:
Ashenzari
Cheibriados
Dithmenos
Elyvilon
Fedhas
Gozag
Hepliaklqana
Kikubaaqudgha
Makhleb
Qazlal
Ru
Trog
Uskayaw
Vehumet
Wu Jian
Yredelemnul
Zin
The Shining One

Shops:
D:1 [   D:3 ?   D:6 *

Portals:
Abyss: D:4

Annotations:
D:4 2 transporters, plokij's ghost, amateur MiFi
D:5 Duvessa


Innate Abilities, Weirdness & Mutations

You can breathe blasts of fire.
Your fiery red scales are hard. (AC +7)
You cannot fit into any form of body armour.
Your flesh is heat resistant. (rF+)
You are cold-blooded and may be slowed by cold attacks.


Message History

The ice beast is almost dead. (Press . to maintain the ray.)
The ice beast hits you but does no damage.
The searing ray hits the ice beast.
You kill the ice beast!
Vehumet accepts your kill.
You feel your power returning.
e - 2 red potions (gained 1)
A steam dragon comes into view.
Casting: Searing Ray (safe; 1% risk of failure)
Confirm with . or Enter, or press ? or * to list all spells.
Aiming: Searing Ray (safe; 1% risk of failure)
Press: ? - help, Shift-Dir - straight line, f - steam dragon
Aim: a steam dragon (asleep, 100% to hit)
The searing ray hits the steam dragon.
The steam dragon is lightly wounded.
The steam dragon hisses angrily. (Press . to maintain the ray.)
The steam dragon breathes steam at you. The ball of steam hits you. You resist.
The white ugly thing gurgles horribly!
The steam dragon breathes steam at you. The ball of steam hits you. You resist.
The white ugly thing attacks as you move away!
The white ugly thing closely misses you.
You barely miss the white ugly thing. You tail-slap the white ugly thing.
The white ugly thing is lightly wounded.
The white ugly thing kicks you! The white ugly thing freezes you!
You feel yourself slow down.
You barely miss the white ugly thing.
You tail-slap the white ugly thing, but do no damage.
The white ugly thing is lightly wounded.
The white ugly thing kicks you! The white ugly thing freezes you!
You feel as though you will be slow longer.
The white ugly thing misses you.
As you read the scroll of teleportation, it crumbles to dust.
You feel strangely unstable. The white ugly thing kicks you.
* * * LOW HITPOINT WARNING * * *
The white ugly thing freezes you!!
You die...

#....#.# #....#.#
#....#.# #....#
#....#
########....#
#...........#
###.######...##
#...........@.#
#.....#######u###
#....<##...§§D..#
#....###........#
#...........§...#
#....###........#
#....# #........#
#....# #........#
###### #........#


You could see a white ugly thing and a steam dragon.

Vanquished Creatures
  A wyvern (D:7)
  A water moccasin (D:6)
  An orc warrior (D:7)
  An ice beast (D:7)
  2 sky beasts (D:7)
  An ogre (D:6)
  3 elf zombies (Ossuary)
  A bullfrog (D:6)
  A necrophage (D:6)
  4 wights (D:6)
  Dowan (D:5)
  2 howler monkeys (D:7)
  2 centaur zombies (Ossuary)
  3 hounds
  7 human zombies (Ossuary)
  A gnoll bouda (D:7)
  A jelly (D:6)
  3 orc priests
  3 iguanas
  5 orc wizards
  3 mummies (Ossuary)
  3 gnolls (D:7)
  9 adders
  2 white imps
  3 ufetubi
  A dart slug (D:4)
  21 orcs
  2 bats (D:2)
  5 endoplasms
  8 hobgoblins
  3 jackals (D:4)
  4 quokkas
  8 ball pythons
  6 frilled lizards
  4 goblins
  7 kobolds
  2 rats (D:3)
135 creatures vanquished.

Vanquished Creatures (others)
  20 plants
20 creatures vanquished.

Grand Total: 155 creatures vanquished

Notes
Turn   | Place    | Note
-------+----------+-------------------------------------------
     0 | D:1      | Lobster4 the Draconian Conjurer began the quest for the
                  | Orb.
     0 | D:1      | Reached XP level 1. HP: 14/14 MP: 3/3
   144 | D:1      | Found Itrilux's Armour Boutique.
   473 | D:1      | Reached XP level 2. HP: 22/22 MP: 1/5
   877 | D:2      | Learned a level 2 spell: Searing Ray
   970 | D:2      | Reached skill level 1 in Fighting
  1395 | D:2      | Reached XP level 3. HP: 28/28 MP: 3/6
  1652 | D:2      | Found a faded altar of an unknown god.
  2333 | D:3      | Reached XP level 4. HP: 36/36 MP: 8/8
  2406 | D:3      | Found a bloodstained altar of Trog.
  2414 | D:3      | Found a white marble altar of Elyvilon.
  2714 | D:3      | Reached XP level 5. HP: 32/41 MP: 9/9
  3033 | D:3      | Found Niskad's Magic Scroll Shoppe.
  3044 | D:3      | Bought a scroll of identify for 28 gold pieces
  3044 | D:3      | Bought a scroll of noise for 14 gold pieces
  3267 | D:4      | Found a transporter.
  3393 | D:4      | Reached skill level 1 in Axes
  3435 | D:4      | Reached XP level 6. HP: 50/50 MP: 10/10
  3500 | D:4      | Reached skill level 5 in Conjurations
  3734 | D:4      | Found a one-way gate to the infinite horrors of the Abyss.
  3734 | D:4      | Noticed plokij's ghost (amateur MiFi)
  3779 | D:4      | Found a transporter.
  3815 | D:5      | Entered Level 5 of the Dungeon
  3836 | D:5      | Noticed Duvessa
  3841 | D:5      | Noticed Dowan
  3900 | D:5      | Found an opulent altar of Gozag.
  3927 | D:5      | Found a sand-covered staircase.
  3932 | Ossuary  | Entered an ossuary
  4045 | Ossuary  | Your scales start taking on a fiery red colour.
  4045 | Ossuary  | Reached XP level 7. HP: 55/57 MP: 10/12
  4045 | Ossuary  | Gained mutation: Your flesh is heat resistant. (rF+) [Red
                  | Draconian growth]
  4909 | D:5      | Killed Dowan
  4910 | D:5      | Reached XP level 8. HP: 67/67 MP: 14/14
  4977 | D:6      | Reached skill level 6 in Conjurations
  4987 | D:6      | Found Dyge's Assorted Antiques.
  5018 | D:6      | Reached skill level 5 in Fighting
  5086 | D:6      | Found a staircase to the Ecumenical Temple.
  5094 | Temple   | Entered the Ecumenical Temple
  5152 | Temple   | Became a worshipper of Vehumet
  5437 | D:6      | Reached skill level 5 in Spellcasting
  5475 | D:6      | Bought a smoking dire flail for 270 gold pieces
  5475 | D:6      | Identified the +9 dire flail of Subjectivity {holy, +Blink}
                  | (You bought it in a shop on level 6 of the Dungeon)
  5524 | D:6      | Reached skill level 5 in Dodging
  5537 | D:6      | Reached skill level 1 in Evocations
  5933 | D:7      | Reached skill level 1 in Maces & Flails
  5933 | D:7      | Reached XP level 9. HP: 55/75 MP: 13/17
  5934 | D:7      | Reached * piety under Vehumet
  5934 | D:7      | Offered knowledge of Kiss of Death by Vehumet.
  6057 | D:7      | Reached skill level 7 in Conjurations
  6077 | D:7      | Noticed a white ugly thing
  6200 | D:7      | Mangled by a white ugly thing

Illustrated notes

Levels and vault maps discovered:
D:1:      dpeg_arrival_yet_another_circle, layout_basic, serial_shops,
          nicolae_diamond_shop, serial_bayou_ford_a, minmay_crystal_room,
          kennysheep_nondescript, chequers_garden
D:2:      layout_basic, shapermc_ecumenical_altar_acropolis,
          minmay_strange_pillars
D:3:      layout_rooms, nicolae_overflow_squiral, serial_shops,
          nicolae_lakefront_shop
D:4:      layout_cave_pools, gammafunk_ghost_abyssal_escape,
          minmay_misc_feat_rows, chequers_serial_rivers_small_b,
          serial_bayou_lake_a
D:5:      layout_rooms, mainiacjoe_overflow_small_starburst,
          nicolae_ossuary_entry_plus, uniq_duvessa
D:6:      layout_rooms, minmay_temple_entry_steel_oval, serial_shops, shop,
          serial_bayou_crossing
D:7:      layout_basic, uniq_pikel
Temple:   nicolae_temple_bog_church

Skill      XL: |  1  2  3  4  5  6  7  8  9 |
---------------+----------------------------+-----
Stealth        | 2 |  2.0
Dodging        | 2 3 4 5 |  5.0
Fighting       | 1 2 3 4 6 |  6.3
Spellcasting   | 3 4 5 |  5.7
Axes           | 1 2 |  2.0
Conjurations   | 5 6 7 |  7.1
Evocations     | 2 |  2.8
Maces & Flails | 1 |  1.9

Action                   |  1- 3 |  4- 6 |  7- 9 || total
-------------------------+-------+-------+-------++-------
Melee: Short sword       |     1 |       |       ||     1
       War axe           |       |    14 |     7 ||    21
       Tailslap          |       |     1 |     5 ||     6
       Dire flail        |       |       |    26 ||    26
 Cast: Magic Dart        |    69 |    75 |    55 ||   199
       Searing Ray       |     1 |    23 |    48 ||    72
  Use: Scroll            |       |     6 |     5 ||    11
 Stab: Sleeping          |       |       |     1 ||     1
Armor: Skin              |     1 |    30 |    42 ||    73
Dodge: Dodged            |     3 |    23 |    54 ||    80

Table legend: (Time is in decaauts)
 A = Elapsed time spent in this place.
 B = Non-inter-level travel time spent in this place.
 C = Inter-level travel time spent in this place.
 D = Time resting spent in this place.
 E = Time spent auto-exploring this place.
 F = Levels seen in this place.
 G = Mean time per level.
                   A        B        C        D        E       F      G
               +--------+--------+--------+--------+--------+-----+--------+
         Total |   6270 |   5988 |    282 |    627 |   4066 |   9 |  696.7 |
       Dungeon |   5827 |   5551 |    276 |    580 |   3865 |   7 |  832.4 |
        Temple |     77 |     71 |      6 |      0 |     42 |   1 |   77.0 |
       Ossuary |    366 |    366 |      0 |     47 |    158 |   1 |  366.0 |
               +--------+--------+--------+--------+--------+-----+--------+

Top non-repeatable levels by time:
     D:2: 1402 daAuts
     D:3: 938 daAuts
     D:1: 871 daAuts
     D:6: 799 daAuts
     D:4: 793 daAuts
     D:5: 633 daAuts
     D:7: 387 daAuts
 Ossuary: 366 daAuts
  Temple: 77 daAuts
